 Dungeon Crawl Stone Soup version 0.16-a0-2059-gf848859 (webtiles) character file.

191588 timbw the Brawler (level 18, -7/160 (165) HPs)
             Began as a Ghoul Monk on Nov 11, 2014.
             Was the Champion of Qazlal.
             Killed by Shatter
             ... invoked by Jorgrun
              (45 damage)
             ... on level 2 of the Elven Halls.
             The game lasted 01:35:26 (15704 turns).

timbw the Brawler (Ghoul Monk)                     Turns: 15704, Time: 01:35:29

HP:   -7/160 (165)  AC: 24    Str: 25    XL:     18   Next: 20%
MP:   28/28         EV: 11    Int:  9    God:    Qazlal [******]
Gold: 1499          SH:  0    Dex: 19    Spells: 5 memorised, 11 levels left

rFire  + . .     SeeInvis .       - Unarmed
rCold  + . .     Clarity  .     M - +2 ring mail of Salvation {Str+3}
rNeg   + + +     SustAb   .     j - +5 shield of the Falcon {rPois rF+}
rPois  +         Gourm    .     V - +2 helmet {Int+3}
rElec  .         Spirit   .     y - +2 cloak {+Inv}
rCorr  .         Warding  .     (no gloves)
rMut   .         Stasis   .     E - +0 pair of boots {Stlth+}
MR     ++...                    r - amulet "Esoatwed" {Str+5 Dex+3 Regen}
Stlth  +.........               n - ring of protection from magic
                                D - +6 ring of protection

@: petrifying, protected from physical damage, rotting, repel missiles, very
slow, very resistant to hostile enchantments, very unstealthy
A: rotting body, claws 1, carnivore 3, cold resistance 1, negative energy
resistance 3, poison resistance, slow healing 1, torment resistance, unbreathing
a: Upheaval, Elemental Force, Disaster Area, Renounce Religion, Evoke
Invisibility
}: 1/15 runes: serpentine


You were on level 2 of the Elven Halls.
You worshipped Qazlal.
Qazlal was exalted by your worship.
You were not hungry.

You visited 6 branches of the dungeon, and saw 32 of its levels.
You visited the Abyss 1 time.
You also visited: Labyrinth and Ice Cave.

You collected 3222 gold pieces.
You spent 1723 gold pieces at shops.

Inventory:

Hand weapons
 z - a +4 blowgun
Missiles
 x - 3 throwing nets (quivered)
 B - 2 curare-tipped needles
 N - 4 javelins
Armour
 j - the +5 shield of the Falcon (worn) {rPois rF+}
   (You acquired it on level 3 of the Elven Halls)

   It protects you from fire.
   It protects you from poison.
 y - a +2 cloak of invisibility (worn)
 E - a +0 pair of boots of stealth (worn)
 G - a +0 helmet of see invisible
 M - the +2 ring mail of Salvation (worn) {Str+3}
   (You bought it in a shop on level 4 of the Orcish Mines)

   It affects your strength (+3).
 V - a +2 helmet of intelligence (worn)
Jewellery
 n - a ring of protection from magic (right claw)
 r - the amulet "Esoatwed" (around neck) {Str+5 Dex+3 Regen}
   (You bought it in a shop on level 3 of the Snake Pit)

   [amulet of regeneration]

   It affects your strength (+5).
   It affects your dexterity (+3).
   It increases your rate of regeneration.
 t - an uncursed ring of ice
 A - an uncursed ring of protection from fire
 C - an uncursed ring of protection from cold
 D - a +6 ring of protection (left claw)
 H - a +4 ring of intelligence
 Y - an uncursed ring of teleportation
Magical devices
 c - a wand of teleportation (1)
 I - a wand of cold (7)
 K - a wand of cold (4)
 O - a wand of paralysis (20)
 S - a wand of polymorph (18)
 X - a wand of fire (7)
 Z - a wand of lightning (1)
Scrolls
 g - 11 scrolls of remove curse
 h - 2 scrolls of enchant weapon
 p - a scroll of magic mapping
 s - a scroll of recharging
 u - 4 scrolls of identify
 F - 2 scrolls of enchant armour
 L - 2 scrolls of fog
 R - a scroll of fear
 T - a scroll of vulnerability
 U - 7 scrolls of teleportation
 W - a scroll of noise
Potions
 a - a potion of agility
 b - a potion of cancellation
 d - 4 potions of curing
 f - a potion of invisibility
 i - a potion of restore abilities
 k - 9 potions of heal wounds
 l - 7 potions of brilliance
 m - 5 potions of might
 q - a potion of flight
 Q - 3 potions of resistance
Miscellaneous
 e - a phial of floods (inert, charging)
 P - a box of beasts
Comestibles
 v - 9 meat rations
 w - 12 beef jerkies
 J - 2 royal jellies


   Skills:
 - Level 15.6 Fighting
 - Level 3.0 Armour
 - Level 13.4 Dodging
 - Level 2.1 Stealth
 * Level 11.1 Shields
 - Level 20.6 Unarmed Combat
 * Level 2.2 Spellcasting
 * Level 1.4 Charms
 * Level 1.3 Air Magic
 + Level 8.8 Evocations


You had 11 spell levels left.
You knew the following spells:

 Your Spells              Type           Power        Failure   Level  Hunger
a - Apportation           Tloc           #.........   58%         1    ##.....
b - Blink                 Tloc           N/A          82%         2    ###....
c - Flight                Chrm/Air       #.........   91%         3    ####...
d - Regeneration          Chrm/Necr      #.........   96%         3    ####...
e - Animate Skeleton      Necr           N/A          58%         1    ##.....


Dungeon Overview and Level Annotations

Branches:
Dungeon (11/15)            Temple (1/1) D:7            Lair (8/8) D:8
 Shoals (0/5) Lair:3        Snake (5/5) Lair:4        Slime (0/6) Lair:6
    Orc (4/4) D:9             Elf (3/3) Orc:3

Altars:
Cheibriados
Fedhas
Makhleb
Okawaru
Qazlal
Ru
Sif Muna
Trog
Xom
Beogh
Jiyva

Shops:
Orc:3 *   Orc:4 ?([:   Snake:3 =

Annotations:
Elf:2 Jorgrun


Innate Abilities, Weirdness & Mutations

Your body is rotting away.
You thrive on raw meat.
You have sharp fingernails.
You are carnivorous and can eat meat at any time.
Your flesh is cold resistant.
You are immune to negative energy.
Your system is resistant to poisons.
You heal slowly when monsters are visible.
You are immune to unholy pain and torment.
You can survive without breathing.


Message History

The water rises up and takes form.
Jorgrun gestures at you while chanting.
You are slowing down.
Your water elemental closely misses Jorgrun.
Jorgrun casts a spell.
The dungeon rumbles around Jorgrun!
You shudder from the earth-shattering force.
* * * LOW HITPOINT WARNING * * *
A door shatters!
Ka-crash!
Items here: ( )) [ a long sword; a chain mail; a shortbow; 12 arrows You completely miss Jorgrun.
Jorgrun is moderately wounded.
Your water elemental misses Jorgrun.
Your water elemental completely misses Jorgrun.
Jorgrun casts a spell.
The dungeon rumbles around Jorgrun!
You shudder from the earth-shattering force.
You die...

#.## #.## ##.....#.)####'#######
#..###...###......#.....))[......
'...#.....#.......#..............
'...............[.#..#####'######
'...#.....#.......#..#.......>...
#..###...# #......#§.#.P...§§§...
#)## ##.###.#.≈E≈§#.....######'##
#).###..§##...≈g§§)..#..'....§..#
#...#.....#...≈E@§#).#..#.......#
#.................#.....#..<....#
#....e.........§§§#..#..#.......#
#....................#[%#####'###
#....................'...........
#.................#..#.../.......
#.................#..#..#########
#...(.............#..#..#.......#
#.............P...#..#..'.......'


You could see Jorgrun and 2 friendly water elementals.

Vanquished Creatures
  Nikola (Snake:1)
  Asterion (Elf:1)
  4 deep elf master archers (Elf:3)
  4 deep elf blademasters (Elf:3)
  2 tentacled starspawn (Abyss:1)
  Agnes (Snake:3)
  3 greater nagas (Snake:4)
  Wiglaf (Elf:3)
  Maud (Elf:1)
  Aizul (Snake:1)
  A frost giant (IceCv)
  7 deep elf sorcerers
  An orc warlord (Orc:4)
  3 deep elf demonologists
  Azrael (Elf:2)
  10 deep elf annihilators
  A blizzard demon (Elf:3)
  A minotaur (Lab)
  2 deep elf high priests (Elf:3)
  A deep elf death mage (Elf:3)
  7 hydras
  3 naga warriors (Snake:2)
  Nessos (Orc:4)
  6 anacondas
  6 death yaks (Lair:8)
  8 dancing weapons (Elf:2)
  An orc high priest (Orc:4)
  A thrashing horror (Abyss:1)
  2 shock serpents (Snake:4)
  4 naga sharpshooters
  A fire crab (Lair:8)
  Nergalle (Lair:7)
  10 deep elf knights
  A wretched star (Abyss:1)
  A catoblepas (Lair:7)
  3 salamander mystics
  5 deep elf summoners
  2 naga ritualists
  An unseen horror (D:10)
  A giant orange brain (D:8)
  9 deep elf conjurers
  Pikel (D:7)
  3 mana vipers
  An ugly thing (D:8)
  A hill giant (D:10)
  The ghost of hackum the Skirmisher, an experienced FoFi of Okawaru (D:7)
  3 orc sorcerers
  The ghost of hackum the Shield-Bearer, an experienced FoFi (D:6)
  7 salamanders
  20 black mambas
  2 griffons
  A siren (Lair:3)
  Maurice (Orc:4)
  3 naga magi
  13 elephants
  A rust devil (Abyss:1)
  11 spiny frogs
  A queen ant (Lair:1)
  8 komodo dragons
  6 fire drakes
  4 deep elf priests
  2 spriggan druids (Lair:8)
  A demonic crawler (Elf:1)
  25 polar bears
  A jumping spider (Elf:3)
  Sonja (Snake:1)
  A polar bear (shapeshifter) (Elf:2)
  3 trolls
  12 blink frogs
  2 boulder beetles
  A slime creature (D:10)
  8 redbacks
  4 raiju (Abyss:1)
  21 deep elf magi
  2 tarantellas (Elf:1)
  2 basilisks
  2 wyverns
  12 spriggans (Lair:8)
  51 yaks
  3 wraiths
  A ynoxinul (Abyss:1)
  A hungry ghost (D:8)
  A fire bat (Abyss:1)
  Eustachio (D:5)
  4 neqoxecs (Abyss:1)
  A steam dragon (D:8)
  2 small abominations (Abyss:1)
  9 deep elf fighters
  6 fire elementals (Elf:2)
  3 hippogriffs
  A chaos spawn (Abyss:1)
  2 wargs
  2 large abominations (Abyss:1)
  18 nagas
  2 hell hounds (Elf:2)
  21 soldier ants
  17 water moccasins
  47 wolves
  4 porcupines
  2 sky beasts
  3 yellow wasps
  10 black bears
  A centaur (D:10)
  13 ice beasts
  3 slaves
  8 ogres
  32 orc warriors
  2 phantoms
  A boring beetle (Lair:7)
  A necrophage (D:11)
  12 crocodiles
  15 giant frogs
  A komodo dragon skeleton (D:11)
  4 scorpions
  8 wights (D:11)
  2 troll skeletons
  A killer bee (shapeshifter) (Elf:3)
  10 killer bees
  A lava snake (D:11)
  3 quasits
  A giant frog zombie (D:10)
  7 crimson imps
  A goliath beetle (D:9)
  2 jellies (D:11)
  22 orc priests
  4 hounds
  34 orc wizards
  A giant frog skeleton (D:11)
  An iron imp (Abyss:1)
  An orange rat (Elf:3)
  7 iguanas
  23 worker ants
  An ogre zombie (D:5)
  6 sheep (Lair:6)
  Ijyb (D:4)
  A hound zombie (D:6)
  A worker ant zombie (D:9)
  21 adders
  46 green rats
  6 gnolls (D:7)
  2 orc skeletons
  2 worms
  4 ufetubi (Abyss:1)
  2 iguana skeletons
  2 adder skeletons
  An ooze (D:5)
  151 orcs
  9 bats
  7 giant cockroaches
  9 goblins
  15 hobgoblins
  17 jackals
  6 kobolds
  10 quokkas
  7 giant geckos
  2 giant newts
  A gnoll skeleton (D:5)
  A goblin skeleton (D:5)
  A jackal zombie (D:5)
  5 orc zombies (Orc:4)
  12 rats
  4 spectral orcs (Lair:7)
  3 ballistomycetes
  A bush (Lair:8)
  27 fungi
  8 plants
  2 starspawn tentacles (Abyss:1)
1138 creatures vanquished.

Vanquished Creatures (others)
  A cyclops (D:8)
  A polar bear (IceCv)
  2 wights (D:8)
  An orc wizard (D:9)
  A green rat (Lair:3)
  2 ufetubi (Abyss:1)
  4 giant spores
  A ballistomycete (D:8)
  4 fungi
  2 plants
  4 starspawn tentacles (Abyss:1)
  48 starspawn tentacle segments (Abyss:1)
71 creatures vanquished.

Grand Total: 1209 creatures vanquished

Notes
Turn   | Place    | Note
--------------------------------------------------------------
     0 | D:1      | timbw, the Ghoul Monk, began the quest for the Orb.
     0 | D:1      | Reached XP level 1. HP: 19/19 MP: 1/1
   184 | D:2      | Reached XP level 2. HP: 23/26 MP: 2/2
   392 | D:2      | Reached skill level 5 in Unarmed Combat
   421 | D:2      | Reached XP level 3. HP: 25/31 MP: 3/3
   474 | D:3      | Reached XP level 4. HP: 34/39 MP: 3/3
   698 | D:4      | Reached XP level 5. HP: 18/45 MP: 4/4
   857 | D:5      | Entered Level 5 of the Dungeon
   871 | D:4      | Reached skill level 6 in Unarmed Combat
   963 | D:4      | Noticed Ijyb
   983 | D:4      | Killed Ijyb
   983 | D:4      | Reached XP level 6. HP: 42/53 MP: 5/5
  1008 | D:4      | Found a bloodstained altar of Trog.
  1134 | D:5      | Noticed an ogre
  1152 | D:5      | Killed an ogre
  1235 | D:5      | Noticed a phantom
  1271 | D:5      | Killed a phantom
  1271 | D:5      | Reached skill level 5 in Fighting
  1299 | D:5      | Noticed Eustachio
  1342 | D:5      | Killed Eustachio
  1342 | D:5      | Reached skill level 7 in Unarmed Combat
  1342 | D:5      | Reached XP level 7. HP: 42/60 MP: 5/5
  1666 | D:6      | Reached skill level 8 in Unarmed Combat
  1666 | D:6      | Reached XP level 8. HP: 59/70 MP: 6/6
  1707 | D:6      | Reached skill level 5 in Dodging
  1722 | D:6      | Found a shimmering altar of Xom.
  1722 | D:6      | Found a burning altar of Makhleb.
  1828 | D:6      | Noticed hackum's ghost (experienced FoFi)
  1881 | D:6      | Killed hackum's ghost
  1881 | D:6      | Reached skill level 9 in Unarmed Combat
  2309 | D:7      | Reached XP level 9. HP: 34/77 MP: 7/7
  2416 | D:7      | Noticed Pikel
  2421 | D:7      | Noticed hackum's ghost (experienced FoFi)
  2698 | D:7      | Found a staircase to the Ecumenical Temple.
  2714 | Temple   | Entered the Ecumenical Temple
  2723 | Temple   | Became a worshipper of Qazlal Stormbringer
  2723 | Temple   | Acquired Qazlal's first power
  2723 | Temple   | Acquired Qazlal's second power
  2794 | D:7      | Killed hackum's ghost
  2794 | D:7      | Reached skill level 10 in Unarmed Combat
  2918 | D:7      | Killed Pikel
  3019 | D:8      | Reached skill level 11 in Unarmed Combat
  3318 | D:8      | Noticed a purple ugly thing
  3323 | D:8      | Reached XP level 10. HP: 88/88 MP: 7/7
  3344 | D:8      | Killed a purple ugly thing
  3377 | D:8      | Noticed a cyclops
  3378 | D:8      | Noticed a giant orange brain
  3406 | D:8      | Killed a giant orange brain
  3434 | D:8      | Noticed a komodo dragon
  3439 | D:8      | Killed a cyclops
  3439 | D:8      | Reached skill level 12 in Unarmed Combat
  3614 | D:9      | Found a staircase to the Orcish Mines.
  3717 | D:9      | Acquired Qazlal's third power
  3739 | D:9      | Found a sacrificial altar of Ru.
  3963 | D:10     | Entered Level 10 of the Dungeon
  4018 | D:10     | Noticed a hill giant
  4036 | D:10     | Killed a hill giant
  4042 | D:10     | Reached skill level 13 in Unarmed Combat
  4140 | D:10     | Reached XP level 11. HP: 81/97 MP: 8/8
  4197 | D:10     | Noticed a griffon
  4210 | D:10     | Killed an unseen horror
  4257 | D:10     | Killed a griffon
  4415 | D:10     | Reached skill level 10 in Fighting
  4426 | D:10     | Acquired Qazlal's fourth power
  4630 | D:11     | Reached skill level 14 in Unarmed Combat
  4682 | D:11     | Reached skill level 1 in Shields
  5138 | D:9      | Found an iron altar of Okawaru.
  5139 | D:9      | Found a bloodstained altar of Trog.
  5195 | D:8      | Acquired Qazlal's fifth power
  5228 | D:8      | Noticed a komodo dragon
  5241 | D:8      | Killed a komodo dragon
  5282 | D:8      | Found a staircase to the Lair.
  5324 | Lair:1   | Entered Level 1 of the Lair of Beasts
  5352 | D:8      | Reached XP level 12. HP: 62/107 MP: 9/9
  5734 | Lair:1   | Reached skill level 15 in Unarmed Combat
  6090 | Lair:2   | Reached skill level 5 in Shields
  6090 | Lair:2   | Reached XP level 13. HP: 99/116 MP: 9/9
  6194 | Lair:2   | Reached skill level 16 in Unarmed Combat
  6200 | Lair:2   | Reached skill level 10 in Dodging
  6427 | Lair:3   | Found a frozen archway.
  6456 | IceCv    | Entered an ice cave
  6646 | IceCv    | Noticed a frost giant
  6683 | IceCv    | Killed a frost giant
  6946 | Lair:3   | Found a staircase to the Shoals.
  7081 | Lair:4   | Found a staircase to the Snake Pit.
  7227 | Lair:4   | Reached skill level 1 in Armour
  7285 | Lair:4   | You fall through a shaft for 3 floors!
  7382 | Lair:7   | Reached XP level 14. HP: 88/127 MP: 10/10
  7420 | Lair:7   | Reached skill level 17 in Unarmed Combat
  7867 | Lair:6   | Found a staircase to the Slime Pits.
  7867 | Lair:6   | Found a viscous altar of Jiyva.
  8159 | Lair:7   | Noticed Nergalle
  8180 | Lair:7   | Killed Nergalle
  8205 | Lair:8   | Entered Level 8 of the Lair of Beasts
  8412 | Lair:8   | Found a labyrinth entrance.
  8422 | Lab      | Entered a labyrinth
  8505 | Lab      | Got a warped glaive
  8514 | Lab      | Identified the Almanac of Curses and Battle Magic (You found it in a labyrinth)
  8715 | Lair:8   | Reached skill level 18 in Unarmed Combat
  8857 | Lair:8   | Reached XP level 15. HP: 114/135 MP: 11/11
  9375 | Snake:1  | Entered Level 1 of the Snake Pit
  9473 | Snake:1  | Noticed Sonja
  9477 | Snake:1  | Killed Sonja
  9685 | Snake:1  | Noticed Nikola
  9700 | Snake:1  | Killed Nikola
  9783 | Snake:1  | Noticed Aizul
  9802 | Snake:1  | Killed Aizul
 10154 | Snake:3  | Reached skill level 19 in Unarmed Combat
 10249 | Snake:3  | Learned a level 1 spell: Apportation
 10252 | Snake:3  | Learned a level 2 spell: Blink
 10266 | Snake:3  | Learned a level 3 spell: Flight
 10279 | Snake:3  | Learned a level 3 spell: Regeneration
 10281 | Snake:3  | Learned a level 1 spell: Animate Skeleton
 10355 | Snake:4  | Noticed a greater naga
 10462 | Snake:4  | Killed a greater naga
 10606 | Snake:5  | Entered Level 5 of the Snake Pit
 10641 | Snake:4  | Reached XP level 16. HP: 126/146 MP: 7/11
 10671 | Snake:4  | Noticed a greater naga
 10681 | Snake:4  | Killed a greater naga
 10918 | Snake:5  | Noticed a greater naga
 10945 | Snake:5  | Noticed a greater naga
 10969 | Snake:5  | Noticed a greater naga
 10969 | Snake:5  | Noticed a greater naga
 10970 | Snake:5  | Noticed a greater naga
 10973 | Snake:5  | Got a serpentine rune of Zot
 11058 | Snake:5  | Noticed a greater naga
 11133 | Snake:5  | Noticed a greater naga
 11277 | Snake:3  | Noticed Agnes
 11281 | Snake:3  | Killed Agnes
 11319 | Snake:3  | Found Smuih's Jewellery Boutique.
 11328 | Snake:3  | Bought a cursed ring of teleportation for 261 gold pieces
 11328 | Snake:3  | Bought the amulet "Esoatwed" {Str+5 Dex+3 Regen} for 968 gold pieces
 11393 | Snake:2  | Reached skill level 1 in Evocations
 11776 | Orc:1    | Entered Level 1 of the Orcish Mines
 12120 | Orc:3    | Found a staircase to the Elven Halls.
 12144 | Orc:4    | Entered Level 4 of the Orcish Mines
 12200 | Orc:4    | Found a roughly hewn altar of Beogh.
 12281 | Orc:4    | Found a roughly hewn altar of Beogh.
 12281 | Orc:4    | Found Schatzex's Book Shop.
 12370 | Orc:4    | Noticed Maurice
 12389 | Orc:4    | Killed Maurice
 12459 | Orc:4    | Found a roughly hewn altar of Beogh.
 12514 | Orc:4    | Found a roughly hewn altar of Beogh.
 12572 | Orc:3    | Found Ipheulea's General Store.
 12653 | Orc:2    | Found a roughly hewn altar of Beogh.
 12873 | Orc:4    | Found Nid Asagg's Antique Armour Shop.
 12873 | Orc:4    | Found a roughly hewn altar of Beogh.
 12877 | Orc:4    | Found Amodojyg's Antique Weapon Boutique.
 12888 | Orc:4    | Bought a pair of embroidered boots for 148 gold pieces
 12888 | Orc:4    | Bought an ichor-stained ring mail for 297 gold pieces
 12912 | Orc:4    | Identified the +2 ring mail of Salvation {Str+3} (You bought it in a shop on level 4 of the Orcish Mines)
 12943 | Orc:4    | Noticed Nessos
 12968 | Orc:4    | Killed Nessos
 13030 | Orc:4    | Found a roughly hewn altar of Beogh.
 13043 | Orc:4    | Found Patogey's Magic Scroll Emporium.
 13048 | Orc:4    | Bought a scroll of fear for 49 gold pieces
 13126 | Elf:1    | Entered Level 1 of the Elven Halls
 13305 | Elf:1    | Noticed Asterion
 13320 | Elf:1    | Noticed a spectral weapon
 13320 | Elf:1    | Killed Asterion
 13369 | Elf:1    | Noticed Maud
 13383 | Elf:1    | Killed Maud
 13383 | Elf:1    | Reached skill level 10 in Shields
 13434 | Elf:2    | Noticed an Ice Fiend
 13544 | Elf:3    | Entered Level 3 of the Elven Halls
 13555 | Elf:3    | Reached skill level 20 in Unarmed Combat
 13644 | Elf:3    | Identified a scroll of acquirement
 13645 | Elf:3    | Got a distressingly furry shield
 13655 | Elf:3    | Noticed Wiglaf
 13687 | Elf:2    | Identified the +5 shield of the Falcon {rPois rF+} (You acquired it on level 3 of the Elven Halls)
 13869 | Elf:2    | Reached skill level 5 in Evocations
 13950 | Elf:2    | Reached XP level 17. HP: 148/154 MP: 22/22
 13954 | Elf:2    | Noticed Azrael
 13972 | Elf:2    | Killed Azrael
 14001 | Elf:3    | Killed Wiglaf
 14086 | Elf:3    | Reached skill level 15 in Fighting
 14169 | Elf:3    | Noticed a deep elf master archer
 14193 | Elf:3    | Killed a deep elf master archer
 14222 | Elf:3    | Noticed a deep elf blademaster
 14247 | Elf:3    | Killed a deep elf blademaster
 14309 | Elf:3    | Noticed a deep elf master archer
 14318 | Elf:3    | Killed a deep elf master archer
 14322 | Elf:3    | Noticed a deep elf blademaster
 14331 | Elf:3    | Killed a deep elf blademaster
 14408 | Elf:3    | Noticed a deep elf master archer
 14435 | Elf:3    | Killed a deep elf master archer
 14480 | Elf:3    | Noticed a deep elf blademaster
 14503 | Elf:3    | Killed a deep elf blademaster
 14641 | Elf:3    | Noticed a deep elf blademaster
 14663 | Elf:3    | Killed a deep elf blademaster
 14683 | Elf:3    | Noticed a deep elf master archer
 14702 | Elf:3    | Killed a deep elf master archer
 14750 | Elf:3    | Cast into the Abyss (a deep elf sorcerer)
 14789 | Abyss:1  | Noticed a bone dragon
 15114 | Abyss:1  | Found a corrupted altar of Lugonu.
 15312 | Abyss:1  | Reached XP level 18. HP: 156/156 MP: 27/27
 15379 | Elf:3    | Escaped the Abyss
 15410 | Elf:3    | Identified the Volume of Terra Cotta
 15620 | Elf:2    | Noticed Jorgrun
 15636 | Elf:2    | Reached skill level 1 in Spellcasting
 15639 | Elf:2    | Reached skill level 1 in Charms
 15684 | Elf:2    | Reached skill level 1 in Air Magic
 15704 | Elf:2    | Killed from afar by Jorgrun

Action                   |  1- 3 |  4- 6 |  7- 9 | 10-12 | 13-15 | 16-18 || total
-------------------------+-------+-------+-------+-------+-------+-------++-------
Melee: Unarmed           |    68 |   176 |   360 |   863 |  1315 |  1145 ||  3927
 Fire: Blowgun           |       |       |       |       |     1 |     1 ||     2
 Abil: Evoke Invisibilit |       |       |       |       |       |     3 ||     3
Evoke: Wand              |       |       |       |       |     1 |    10 ||    11
       Phial of floods   |       |       |       |       |       |     1 ||     1
  Use: Scroll            |     3 |     4 |     7 |     5 |     9 |     9 ||    37
       Potion            |       |       |     1 |     5 |     3 |     1 ||    10
 Stab: Sleeping          |     1 |     3 |     1 |       |       |       ||     5
       Invisible         |       |       |       |     2 |       |     2 ||     4
       Fleeing           |       |       |       |       |     2 |       ||     2
       Petrifying        |       |       |       |       |     1 |       ||     1
  Eat: Chunk             |     5 |     9 |    22 |    20 |    46 |    46 ||   148
